 Dungeon Crawl Stone Soup version 0.19-a0-867-g949743d (webtiles) character file.

14850 Gagarin the Carver (level 11, 0/102 HPs)
             Began as a Minotaur Gladiator on July 3, 2016.
             Was a High Priest of Uskayaw.
             Slain by a red devil
             ... wielding a +0 demon trident of draining
             ... summoned by an orc high priest
              (17 damage)
             ... on level 2 of the Orcish Mines.
             The game lasted 00:42:03 (11418 turns).

Gagarin the Carver (Minotaur Gladiator)            Turns: 11418, Time: 00:42:05

Health: 0/102      AC: 11    Str: 23    XL:     11   Next: 94%
Magic:  13/13      EV: 14    Int:  6    God:    Uskayaw [*****.]
Gold:   1811       SH:  4    Dex: 10    Spells: 0 memorised, 10 levels left

rFire  . . .     SeeInvis +     M - +8 scimitar of Twilight {vamp, +Inv SInv}
rCold  . . .     Gourm    .     l - +1 scale mail {rPois}
rNeg   . . .     Faith    +     q - +0 buckler
rPois  +         Spirit   .     c - +0 hat
rElec  .         Dismiss  .     P - +0 cloak
rCorr  .         Reflect  .     r - +0 pair of gloves
SustAt .         Harm     .     (no boots)
MR     .....                    S - amulet of faith
Stlth  +++.......               v - +3 ring of slaying
                                a - ring of stealth

@: drained, not resistant to hostile enchantments, fairly stealthy
A: retaliatory headbutt, horns 2
a: Stomp, Line Pass, Grand Finale, Renounce Religion, Evoke Invisibility


You were on level 2 of the Orcish Mines.
You worshipped Uskayaw.
Uskayaw was extremely pleased with you.
You were not hungry.

You visited 3 branches of the dungeon, and saw 13 of its levels.

You collected 1811 gold pieces.

Inventory:

Hand Weapons
 b - a +2 long sword of draining
 M - the +8 scimitar of Twilight (weapon) {vamp, +Inv SInv}
   (You found it on level 5 of the Dungeon)

   It inflicts no extra harm, but heals its wielder somewhat when it strikes a
   living foe.
   It lets you see invisible.
   It lets you turn invisible.
Missiles
 d - a throwing net (quivered)
 H - 4 steel tomahawks
Armour
 c - a +0 hat (worn)
 l - a +1 scale mail of poison resistance (worn)
 q - a +0 buckler (worn)
 r - a +0 pair of gloves (worn)
 B - a +2 leather armour of poison resistance
 J - a +1 robe of fire resistance
 N - a +6 plate armour of ponderousness
 P - a +0 cloak (worn)
Jewellery
 a - a ring of stealth (left hand)
 o - an uncursed ring of protection from fire
 u - an uncursed ring of see invisible
 v - a +3 ring of slaying (right hand)
 w - an uncursed ring of loudness
 S - an amulet of faith (around neck)
Wands
 L - a wand of lightning (15/15)
Scrolls
 e - 8 scrolls of identify
 g - 3 scrolls of magic mapping
 k - 7 scrolls of teleportation
 m - a scroll of fog {unknown}
 y - 2 scrolls of immolation {unknown}
 E - 2 scrolls of enchant armour {unknown}
 O - a scroll of fear {unknown}
 Q - a scroll of vulnerability {unknown}
 U - a scroll of enchant weapon {unknown}
 V - 3 scrolls of blinking
 X - 2 scrolls of remove curse
Potions
 h - a potion of mutation {unknown}
 j - a potion of might
 t - a potion of ambrosia {unknown}
 x - 2 potions of agility {unknown}
 z - a potion of invisibility {unknown}
 D - 2 potions of curing
 F - a potion of haste
 G - 2 potions of flight
 I - a potion of beneficial mutation {unknown}
 K - 2 potions of heal wounds {unknown}
 Y - a potion of lignification {unknown}
Books
 i - a book of Necromancy

   Spells                             Type                      Level
   a - Pain                           Necromancy                   1
   b - Animate Skeleton               Necromancy                   1
   c - Vampiric Draining              Necromancy                   3
   d - Regeneration                   Charms/Necromancy            3
   e - Animate Dead                   Necromancy                   4
   f - Control Undead                 Necromancy                   4
Miscellaneous
 A - a crystal ball of energy
Comestibles
 f - 10 bread rations
 n - 10 fruits
 p - 9 chunks of flesh
 s - 2 meat rations
 C - 2 royal jellies


   Skills:
 + Level 11.0(10.5) Fighting
 + Level 11.7(11.3) Long Blades
 + Level 2.4(2.0) Throwing
 + Level 6.4(6.0) Armour
 + Level 10.5(10.1) Dodging
 + Level 7.4(7.0) Stealth
 + Level 2.3(1.9) Shields
 * Level 4.3(3.9) Invocations
 + Level 0.3(0.0) Evocations


You had 10 spell levels left.
You didn't know any spells.

Dungeon Overview and Level Annotations

Branches:
Dungeon (9/15)             Temple (0/1) D:6            Lair (2/6) D:8
 Shoals (0/4) Lair:2          Orc (2/2) D:9
  Snake: Lair:2-4    Spider: Lair:2-4       Elf: Orc:2

Altars:
Ashenzari
Dithmenos
Fedhas
Kikubaaqudgha
Makhleb
Uskayaw
Yredelemnul
Zin

Annotations:
D:3 exclusion: oklob plant


Innate Abilities, Weirdness & Mutations

You reflexively headbutt those who attack you in melee.
You have a pair of horns on your head.


Message History

You slice the orc warrior!!
You kill the orc warrior!
The orc priest hits you from afar with a trident.
The orc wizard cheers loudly.
The orc wizard barely misses you.
You riposte.
You miss the orc wizard.
The orc wizard is heavily wounded.
You slash the orc wizard!
You kill the orc wizard!
The red devil hits you from afar with a demon trident of draining!
You feel drained.
The orc high priest calls down the wrath of Beogh upon you.
Beogh smites you!
* * * LOW HITPOINT WARNING * * *
The orc priest mumbles some strange prayers to Beogh against you.
Beogh smites you!
* * * LOW HITPOINT WARNING * * *
The orc high priest calls down the wrath of Beogh upon you.
You struggle to resist.
The red devil hits you from afar with a demon trident of draining!
You die...

......##.........
.......##........
##......#........
#.......#........
#..oo.#........
#..3o#........
#oo#[.......
#.[)o.......
#ooo@.......
#o4o........
#.o#........
.o..#........
#...o.#........
.......#........
#......#........
......##........


You could see 2 orc high priests, a chaos spawn, an orc sorcerer, a red devil, 2
orc warriors, 3 orc priests and 6 orc wizards.

Vanquished Creatures
  Urug (Orc:1)
  An orc high priest (Orc:2)
  The ghost of ilikecats the Destroyer, a novice DrCj of Vehumet (D:7)
  A hill giant (D:8)
  3 spiny frogs (Lair:2)
  2 komodo dragons (Lair:1)
  The ghost of murphy the Ducker, a novice OpTm of Sif Muna (D:5)
  9 blink frogs
  Prince Ribbit (Lair:1)
  Sigmund (D:6)
  A human (D:8)
  2 yaks (D:8)
  3 hippogriffs
  5 wargs
  6 water moccasins
  3 porcupines
  3 ice beasts
  15 orc warriors
  An eye of draining (D:8)
  A sky beast (D:6)
  2 black bears
  4 phantoms
  8 centaurs
  5 ogres
  3 wolves (Lair:1)
  2 crocodiles (Lair:2)
  5 giant frogs
  2 gnoll sergeants
  A water moccasin zombie (D:6)
  3 scorpions
  2 howler monkeys
  4 crimson imps
  2 giant frog zombies (D:6)
  8 hounds
  3 jellies
  11 orc priests
  A giant frog skeleton (D:7)
  2 gnoll shamans (D:7)
  7 iguanas
  15 orc wizards
  3 worker ants
  11 sheep
  A hound zombie (D:7)
  14 gnolls
  A howler monkey skeleton (D:4)
  A worker ant zombie (D:8)
  5 adders
  2 river rats (D:8)
  2 shadow imps
  2 oozes
  An adder zombie (D:5)
  An adder skeleton (D:5)
  3 worms
  4 dart slugs (D:2)
  5 giant geckos
  49 orcs
  3 giant cockroaches
  9 goblins
  7 hobgoblins
  6 jackals
  5 quokkas
  A ball python (D:2)
  21 bats
  A giant gecko skeleton (D:4)
  5 giant newts
  A jackal zombie (D:7)
  14 kobolds
  A quokka skeleton (D:8)
  9 rats
  A spectral orc (D:3)
  A bush (D:8)
  2 fungi (D:3)
  A plant (D:8)
344 creatures vanquished.

Vanquished Creatures (others)
  A plant (D:8)
1 creature vanquished.

Grand Total: 345 creatures vanquished

Notes
Turn   | Place    | Note
-------+----------+-------------------------------------------
     0 | D:1      | Gagarin the Minotaur Gladiator began the quest for the Orb.
     0 | D:1      | Reached XP level 1. HP: 18/18 MP: 0/0
   157 | D:1      | Reached XP level 2. HP: 24/25 MP: 1/1
   596 | D:2      | Reached XP level 3. HP: 21/30 MP: 2/2
  1315 | D:2      | Found an ancient bone altar of Kikubaaqudgha.
  1318 | D:2      | Found a hide-covered altar of Uskayaw.
  1321 | D:2      | Became a worshipper of Uskayaw the Reveler
  1323 | D:2      | Found a shadowy altar of Dithmenos.
  1383 | D:2      | Found a shattered altar of Ashenzari.
  1391 | D:2      | Reached * piety under Uskayaw
  1577 | D:3      | Found a shadowy altar of Dithmenos.
  1589 | D:3      | Reached ** piety under Uskayaw
  1594 | D:3      | Reached *** piety under Uskayaw
  1595 | D:3      | Reached XP level 4. HP: 3/37 MP: 3/3
  2092 | D:3      | Found a basalt altar of Yredelemnul.
  2276 | D:3      | Found a blossoming altar of Fedhas.
  2287 | D:3      | Noticed an oklob plant
  2342 | D:3      | Reached skill level 1 in Armour
  2349 | D:3      | Reached skill level 1 in Stealth
  3109 | D:4      | Reached skill level 5 in Long Blades
  3109 | D:4      | Reached XP level 5. HP: 42/45 MP: 4/4
  3641 | D:4      | Noticed an ogre
  3652 | D:4      | Killed an ogre
  3652 | D:4      | Reached skill level 5 in Dodging
  3652 | D:4      | Reached XP level 6. HP: 52/52 MP: 5/5
  3660 | D:5      | Entered Level 5 of the Dungeon
  3711 | D:5      | Found a shadowy altar of Dithmenos.
  3744 | D:5      | Noticed murphy's ghost (novice OpTm)
  3753 | D:5      | Killed murphy's ghost
  3753 | D:5      | Reached XP level 7. HP: 48/59 MP: 6/6
  3966 | D:5      | Got a slimy scimitar
  3968 | D:5      | Identified the +8 scimitar of Twilight {vamp, +Inv SInv} (You found it on level 5 of the Dungeon)
  4706 | D:6      | Found a staircase to the Ecumenical Temple.
  4750 | D:6      | Reached skill level 5 in Fighting
  4750 | D:6      | Reached XP level 8. HP: 68/68 MP: 7/7
  4759 | D:6      | Found a burning altar of Makhleb.
  4776 | D:6      | Got a warped robe
  4792 | D:6      | Identified the +1 robe of the Hunter {*Drain MR++} (You found it on level 6 of the Dungeon)
  4914 | D:6      | Reached **** piety under Uskayaw
  4920 | D:6      | Reached ***** piety under Uskayaw
  5055 | D:6      | Noticed Sigmund
  5071 | D:6      | Killed Sigmund
  5174 | D:6      | Reached skill level 5 in Stealth
  5174 | D:6      | Reached XP level 9. HP: 29/78 MP: 8/8
  5199 | D:6      | Got a transparent whip
  5576 | D:7      | Noticed ilikecats's ghost (novice DrCj)
  5586 | D:7      | Killed ilikecats's ghost
  6427 | D:7      | Reached XP level 10. HP: 88/88 MP: 9/9
  6867 | D:8      | Noticed a hill giant
  6875 | D:8      | Killed a hill giant
  7022 | D:8      | Found a staircase to the Lair.
  7222 | D:8      | Reached skill level 10 in Long Blades
  7925 | D:8      | Found a glowing silver altar of Zin.
  8039 | D:9      | Found a staircase to the Orcish Mines.
  8305 | D:9      | Reached skill level 10 in Dodging
  8570 | Lair:1   | Entered Level 1 of the Lair of Beasts
  8746 | Lair:1   | Noticed Prince Ribbit
  8750 | Lair:1   | Reached skill level 1 in Shields
  8753 | Lair:1   | Killed Prince Ribbit
  8757 | Lair:1   | Reached XP level 11. HP: 70/99 MP: 10/10
  8766 | Lair:1   | Reached skill level 1 in Invocations
  9718 | Lair:2   | Reached skill level 10 in Fighting
  9718 | Lair:2   | Reached skill level 5 in Armour
 10390 | Lair:2   | Found a staircase to the Shoals.
 10398 | Lair:2   | Noticed a four-headed hydra
 10608 | Orc:1    | Entered Level 1 of the Orcish Mines
 10675 | Orc:1    | Noticed Urug
 10684 | Orc:1    | Killed Urug
 10718 | Orc:2    | Entered Level 2 of the Orcish Mines
 10904 | Orc:2    | Noticed an orc high priest
 10913 | Orc:2    | Killed an orc high priest
 11405 | Orc:2    | Noticed an orc high priest
 11405 | Orc:2    | Noticed an orc high priest
 11409 | Orc:2    | Noticed an orc sorcerer
 11413 | Orc:2    | Noticed an orc high priest
 11418 | Orc:2    | Slain by a red devil

Vault maps used:
D:1:      scummos_arrival_simple_fountains
D:2:      minitemple, evilmike_ruin_ashenzari, first_bread
D:3:      tgw_fedhas, yredelemnul_forgotten_temple_becter,
          nicolae_dithmenos_shadow_blocks
D:4:      kennysheep_another_room
D:5:      basic_altar, cheibrodos_gnoll_hut
D:6:      bloody_makhleb, minivault_1, kennysheep_dice, uniq_sigmund
D:7:      kennysheep_housing_project
D:8:      zin_scriptorium, grunt_lair_entry_orc_guard_hut, grunt_pizzeria,
          serial_bayou_lagoon_a, st_stairs_10, roderic_digamma_sauvastika,
          kb_lookout_dungeons_type
D:9:      orc_david_3
Lair:1:   uniq_prince_ribbit2
Lair:2:   shoals_dummy_entry, serial_bayou_shore_a, grunt_megastairs_2,
          lemuel_fruit_tree
Orc:1:    uniq_urug
Orc:2:    st_orc_mages

Skill      XL: |  1  2  3  4  5  6  7  8  9 10 11 |
---------------+----------------------------------+-----
Long Blades    | 4 5 6 7 9 10 11 | 11.7
Dodging        | 4 5 6 8 10 | 10.5
Armour         | 1 4 6 |  6.4
Stealth        | 1 2 3 5 6 7 |  7.4
Fighting       | 3 4 5 6 8 9 11 | 11.0
Shields        | 1 2 |  2.3
Invocations    | 4 |  4.3
Throwing       | |  2.4
Evocations     | |  0.3

Action                   |  1- 3 |  4- 6 |  7- 9 | 10-12 || total
-------------------------+-------+-------+-------+-------++-------
Melee: Long sword        |   105 |    93 |    18 |       ||   216
       Headbutt          |    14 |    19 |    36 |    72 ||   141
       Scimitar          |       |       |   207 |   411 ||   618
Throw: Throwing net      |       |     1 |     1 |       ||     2
Invok: Stomp             |       |     1 |     3 |       ||     4
Evoke: Wand              |       |       |     2 |       ||     2
  Use: Scroll            |       |       |     7 |     7 ||    14
       Potion            |       |       |     5 |     3 ||     8
 Stab: Paralysed         |     1 |     2 |     6 |    21 ||    30
       Held in net/web   |       |     1 |       |       ||     1
       Sleeping          |       |     1 |     2 |     5 ||     8
       Distracted        |       |       |       |     1 ||     1
  Eat: Chunk             |     2 |     7 |     9 |    17 ||    35
       Bread ration      |       |       |     1 |       ||     1
Armor: Leather armour    |    19 |       |       |       ||    19
       Robe              |     6 |     8 |    16 |    18 ||    48
       Scale mail        |       |       |    35 |    37 ||    72
Dodge: Dodged            |    52 |    40 |   140 |   190 ||   422
Block: Buckler           |       |       |       |    32 ||    32
